 Dungeon Crawl Stone Soup version 0.16.1-11-g651b585 (webtiles) character file.

11952 Shoikan the Warrior (level 11, -14/112 (113) HPs)
             Began as a Minotaur Berserker on Apr 5, 2015.
             Was a High Priest of Trog.
             Demolished by a spiny frog (15 damage)
             ... on level 2 of the Lair of Beasts on Apr 7, 2015.
             The game lasted 01:25:12 (11035 turns).

Shoikan the Warrior (Minotaur Berserker)           Turns: 11035, Time: 01:25:12

HP:   -14/112 (113) AC: 22    Str: 21    XL:     11   Next: 56%
MP:   4/4           EV:  9    Int: 10    God:    Trog [*****.]
Gold: 268           SH:  0    Dex: 11    Spells: 0 memorised, 10 levels left

rFire  . . .     SeeInvis .     y - +2 great mace (protect)
rCold  . . .     Clarity  .     z - +0 chain mail
rNeg   . . .     SustAb   .     (no shield)
rPois  +         Gourm    .     N - +2 hat {Int+3}
rElec  .         Spirit   .     f - +0 cloak
rCorr  .         Warding  .     S - +0 pair of gloves
rMut   .         Stasis   .     (no boots)
MR     ++...                    H - amulet of rage
Stlth  ..........               q - ring of poison resistance
                                j - ring of invisibility

@: regenerating, very resistant to hostile enchantments, extremely unstealthy
A: retaliatory headbutt, horns 2, camouflage 1
a: Burn Spellbooks, Berserk, Trog's Hand, Brothers in Arms, Renounce Religion,
Evoke Berserk Rage, Evoke Invisibility


You were on level 2 of the Lair of Beasts.
You worshipped Trog.
Trog was extremely pleased with you.
You were not hungry.

You visited 3 branches of the dungeon, and saw 11 of its levels.

You collected 540 gold pieces.
You spent 272 gold pieces at shops.

Inventory:

Hand weapons
 a - a +1 mace
 y - a +2 great mace of protection (weapon)
 G - a +2 dire flail of holy wrath
 P - a cursed -1 quarterstaff
 V - a +4 broad axe of flaming
Armour
 f - a +0 cloak (worn)
 u - a +0 buckler
 z - a +0 chain mail (worn)
 N - a +2 hat of intelligence (worn)
 S - a +0 pair of gloves (worn)
Jewellery
 j - a ring of invisibility (left hand)
 q - a ring of poison resistance (right hand)
 B - an uncursed ring of fire
 H - an amulet of rage (around neck)
 U - an uncursed ring of fire
Magical devices
 C - a wand of polymorph (14)
 M - a wand of fire (3)
 O - a wand of slowing (23)
Scrolls
 g - 2 scrolls of enchant weapon
 i - 2 scrolls of remove curse
 k - 2 scrolls of fear {unknown}
 l - 3 scrolls of fog {unknown}
 n - a scroll of recharging {unknown}
 w - a scroll of enchant armour {unknown}
 D - 3 scrolls of identify
 F - 3 scrolls of magic mapping {unknown}
 I - 5 scrolls of teleportation
 J - a scroll of vulnerability {unknown}
 K - 2 scrolls of immolation {unknown}
 L - a scroll of acquirement {unknown}
 T - a scroll of blinking {unknown}
Potions
 e - a potion of ambrosia
 h - 4 potions of flight
 m - a potion of lignification
 o - a potion of agility
 p - 4 potions of haste
 r - a potion of cancellation
 s - 2 potions of berserk rage
 v - 2 potions of curing
 x - a potion of brilliance
 E - 2 potions of magic {unknown}
 R - a potion of might {unknown}
 W - 3 potions of poison {unknown}
Books
 d - a book of Air

   Spells                             Type                      Level
   a - Shock                          Conjuration/Air              1
   b - Swiftness                      Charms/Air                   2
   c - Repel Missiles                 Charms/Air                   2
   d - Flight                         Charms/Air                   3
   e - Static Discharge               Conjuration/Air              3
   f - Lightning Bolt                 Conjuration/Air              5
   Trog disapproves of the use of such an item.
Comestibles
 b - 5 meat rations
 c - 11 bread rations
 t - 4 poisonous chunks of flesh
 A - 5 beef jerkies
 Q - 8 slices of pizza


   Skills:
 * Level 15.4 Fighting
 - Level 11.1 Maces & Flails
 + Level 11.3 Armour
 - Level 2.1 Dodging


You had 10 spell levels left.
You didn't know any spells.

Dungeon Overview and Level Annotations

Branches:
Dungeon (8/15)             Temple (1/1) D:5            Lair (2/8) D:8

Altars:
Ashenzari
Cheibriados
Dithmenos
Elyvilon
Fedhas
Gozag
Kikubaaqudgha
Makhleb
Nemelex Xobeh
Okawaru
Qazlal
Ru
Trog
Vehumet
Xom
Yredelemnul
Zin
The Shining One

Shops:
D:4 ?[(   D:5 }


Innate Abilities, Weirdness & Mutations

You reflexively headbutt those who attack you in melee.
You have a pair of horns on your head.
Your skin changes colour to match your surroundings (Stealth).


Message History

The bolt of electricity hits you!
* * * LOW HITPOINT WARNING * * *
The spiny frog closely misses you. You furiously retaliate!
You headbutt the spiny frog.
The electric eel shoots out a bolt of lightning at you!
The bolt of electricity hits the electric eel.
The electric eel resists.
The bolt of electricity hits you!
* * * LOW HITPOINT WARNING * * *
The electric eel shoots out a bolt of lightning at you!
The bolt of electricity hits you!
* * * LOW HITPOINT WARNING * * *
Use which ability? (? or * to list)
Your skin crawls.
You feel resistant to hostile enchantments.
You feel slightly more hungry.
The electric eel shoots out a bolt of lightning at you!
The bolt of electricity hits you!
* * * LOW HITPOINT WARNING * * *
The spiny frog stings you!
You die...

#....# #...## . ##...# ...
..## #....## ....# ....P#
#####....#
##...###...≈≈≈####.##P...##
P#...#P...♣≈≈≈♣....##P....#
......... ♣≈≈≈♣.........###
.......# ♣♣P≈≈♣.@.#..##.#
.......##♣≈≈≈≈≈.F.####..#
.........≈≈≈≈;≈...♣.#.#.#
.........P≈≈;≈...≈≈♣..#.#
........♣≈≈≈P≈...≈≈♣♣ #.#
......♣♣≈≈≈≈≈≈....≈≈♣ ..#
......♣♣≈≈P≈≈≈....P≈♣ ..#
.......♣♣≈≈≈P♣...≈PP♣ #..
......#♣≈≈≈≈≈≈...≈≈≈♣


You could see a spiny frog and 2 electric eels.

Vanquished Creatures
  A hydra (Lair:2)
  2 black mambas (Lair:1)
  Joseph (D:7)
  A queen ant (Lair:2)
  A spiny frog (Lair:1)
  2 komodo dragons
  2 basilisks (Lair:1)
  A human (D:7)
  14 yaks
  Grum (D:8)
  4 wolves (D:8)
  A hippogriff (Lair:2)
  5 soldier ants (Lair:2)
  4 porcupines
  5 water moccasins
  An ice beast (D:5)
  3 sky beasts
  3 black bears
  2 ogres
  A necrophage (D:7)
  2 phantoms
  A centaur (D:7)
  7 giant frogs
  A wyvern skeleton (D:8)
  3 scorpions
  7 wights
  6 killer bees (D:7)
  An electric eel (Lair:2)
  A giant frog zombie (D:5)
  A goliath beetle (D:8)
  2 orc priests
  2 centaur skeletons
  3 jellies
  2 crimson imps (D:6)
  A giant frog skeleton (D:5)
  3 orc wizards
  4 hounds
  4 iguanas
  31 worker ants
  8 sheep
  Robin (D:2)
  16 adders
  8 gnolls
  19 river rats
  A shadow imp (D:4)
  2 worms (D:2)
  2 adder skeletons
  10 giant geckos
  An ooze (D:1)
  22 orcs
  A bat skeleton (D:5)
  7 giant cockroaches
  19 goblins
  15 hobgoblins
  4 jackals
  2 ball pythons
  8 bats
  A giant gecko skeleton (D:4)
  9 giant newts
  A jackal skeleton (D:8)
  21 kobolds
  5 quokkas
  13 rats
333 creatures vanquished.

Notes
Turn   | Place    | Note
--------------------------------------------------------------
     0 | D:1      | Shoikan, the Minotaur Berserker, began the quest for the Orb.
     0 | D:1      | Reached XP level 1. HP: 19/19 MP: 1/1
    35 | D:1      | Reached skill level 4 in Maces & Flails
   382 | D:1      | Reached XP level 2. HP: 15/26 MP: 1/1
   952 | D:1      | Acquired Trog's second power
  1017 | D:2      | Reached skill level 5 in Maces & Flails
  1017 | D:2      | Reached XP level 3. HP: 27/31 MP: 2/2
  1318 | D:2      | Found a white marble altar of Elyvilon.
  1453 | D:2      | Found a shadowy altar of Dithmenos.
  1509 | D:3      | Noticed Robin
  1514 | D:2      | Killed Robin
  1514 | D:2      | Reached skill level 6 in Maces & Flails
  1514 | D:2      | Reached XP level 4. HP: 33/39 MP: 2/2
  2248 | D:3      | Found a burning altar of Makhleb.
  2775 | D:4      | Reached XP level 5. HP: 42/45 MP: 2/2
  2785 | D:4      | Reached skill level 7 in Maces & Flails
  3043 | D:4      | Found Shyi's Armour Shop.
  3237 | D:4      | Noticed an ogre
  3242 | D:4      | Killed an ogre
  3242 | D:4      | Reached skill level 8 in Maces & Flails
  3242 | D:4      | Reached XP level 6. HP: 37/51 MP: 3/3
  3335 | D:4      | Found Cuogiant's Antique Weapon Shoppe.
  3342 | D:4      | Bought a runed great mace for 104 gold pieces
  3506 | D:4      | Found Agoapled's Magic Scroll Emporium.
  3517 | D:4      | Bought a scroll of remove curse for 42 gold pieces
  3555 | D:4      | Reached skill level 9 in Maces & Flails
  4036 | D:5      | Entered Level 5 of the Dungeon
  4070 | D:5      | Acquired Trog's third power
  4143 | D:5      | Reached XP level 7. HP: 57/57 MP: 3/3
  4341 | D:5      | Found an ancient bone altar of Kikubaaqudgha.
  4341 | D:5      | Found a snail-covered altar of Cheibriados.
  4409 | D:5      | Reached skill level 10 in Maces & Flails
  4825 | D:5      | Found a staircase to the Ecumenical Temple.
  4835 | Temple   | Entered the Ecumenical Temple
  5037 | D:5      | Found Soan Ena's Gadget Boutique.
  5106 | D:5      | Found an iron altar of Okawaru.
  5143 | D:5      | Found a radiant altar of Vehumet.
  5373 | D:5      | Reached skill level 11 in Maces & Flails
  5684 | D:4      | Bought a scroll of identify for 28 gold pieces
  5684 | D:4      | Bought a scroll of random uselessness for 14 gold pieces
  5684 | D:4      | Bought a scroll of noise for 14 gold pieces
  5684 | D:4      | Bought a scroll of teleportation for 42 gold pieces
  5684 | D:4      | Bought a scroll of identify for 28 gold pieces
  5721 | D:6      | Reached XP level 8. HP: 63/67 MP: 3/3
  5891 | D:6      | Reached skill level 5 in Fighting
  6546 | D:6      | Reached skill level 5 in Armour
  6856 | D:7      | Received a gift from Trog
  7212 | D:7      | Reached XP level 9. HP: 80/82 MP: 4/4
  7699 | D:7      | Gained mutation: Your skin changes colour to match your surroundings (Stealth). [potion of beneficial mutation]
  7711 | D:7      | Noticed Joseph
  7732 | D:7      | Killed Joseph
  7732 | D:7      | Reached skill level 10 in Fighting
  8227 | D:8      | Reached XP level 10. HP: 82/94 MP: 4/4
  8229 | D:8      | Noticed Grum
  8237 | D:8      | Killed Grum
  8588 | D:8      | Found a stormy altar of Qazlal.
  8597 | D:8      | Found a staircase to the Lair.
  8627 | Lair:1   | Entered Level 1 of the Lair of Beasts
  8667 | Lair:1   | Reached skill level 12 in Fighting
  9067 | Lair:1   | Reached skill level 13 in Fighting
  9232 | Lair:1   | Reached skill level 10 in Armour
  9297 | Lair:1   | Noticed a black mamba
  9302 | Lair:1   | Killed a black mamba
  9304 | Lair:1   | Received a gift from Trog
  9504 | Lair:1   | Noticed a black mamba
  9509 | Lair:1   | Killed a black mamba
  9509 | Lair:1   | Reached skill level 14 in Fighting
  9509 | Lair:1   | Reached XP level 11. HP: 98/109 MP: 4/4
 10440 | Lair:2   | Reached skill level 15 in Fighting
 10969 | Lair:2   | Noticed a four-headed hydra
 10983 | Lair:2   | Killed a four-headed hydra
 11035 | Lair:2   | HP: 1/112 [electric eel/bolt of electricity (11)]
 11035 | Lair:2   | Demolished by a spiny frog

Action                   |  1- 3 |  4- 6 |  7- 9 | 10-12 || total
-------------------------+-------+-------+-------+-------++-------
Melee: Mace              |    93 |   113 |       |       ||   206
       Great mace        |       |    62 |   271 |   304 ||   637
Invok: Trog's Hand       |     1 |     2 |     2 |     3 ||     8
       Berserk           |       |       |     1 |       ||     1
       Burn Spellbooks   |       |       |       |     1 ||     1
  Use: Scroll            |     2 |     3 |     7 |     3 ||    15
       Potion            |       |       |     3 |     2 ||     5
  Eat: Chunk             |     1 |    10 |    12 |    11 ||    34
       Beef jerky        |       |       |     1 |       ||     1
